Map: Ever Dream LE

Players

MarineLorD

  • Race: Terran Terran
  • League: Master
  • Spawn Location: 1:00

TYTY (TY) - Winner!

  • Race: Terran Terran
  • League: Master
  • Spawn Location: 7:00

Event: DreamHack SC2 Masters 2020 Fall

VOD

Have the link to the VOD?

Description

Time

  • Played on: Sept. 15, 2020, 9:56 a.m.
  • Length: 26:07

All games in this series

Show
View Real Time Build Order
Export as new Build Order

MarineLorD Terran 

Build Orders: Reaper Expand 

Get SALT Encoding   

  12  0:00  SCV  
  13  0:12  SCV  
  14  0:17  Supply Depot  
  14  0:24  SCV  
  15  0:38  SCV  
  15  0:39  Barracks  
  16  0:43  Refinery  
  16  0:50  SCV  
  17  1:02  SCV  
  18  1:14  SCV  
  19  1:26  Reaper  
  19  1:27  Orbital Command  
  20  1:39  Command Center  
  20  1:46  Supply Depot  
  20  1:53  SCV  
  21  1:58  Marine  
  22  2:05  SCV  
  22  2:07  Factory  
  23  2:11  Refinery  
  23  2:16  Marine  
  23  2:17  SCV  
  23  2:22  Bunker  
  25  2:29  SCV  
  26  2:35  Barracks Reactor  
  26  2:41  SCV  
  27  2:51  Orbital Command  
  27  2:53  Starport  
  27  2:54  SCV  
  28  2:58  Refinery  
  28  3:02  Hellion  
  30  3:06  SCV  
  30  3:11  Marine x2  
  33  3:17  Supply Depot  
  33  3:18  SCV  
  33  3:19  SCV  
  35  3:24  Factory Tech Lab  
  35  3:29  Marine x2  
  35  3:30  SCV  
  35  3:34  SCV, Starport Tech Lab  
  39  3:42  SCV  
  39  3:45  Cyclone  
  39  3:46  SCV  
  39  3:47  Marine  
  45  3:52  Raven  
  45  3:54  SCV  
  48  3:58  SCV  
  48  4:07  SCV  
  48  4:10  SCV  
  48  4:14  Marine x2  
  49  4:19  SCV  
  49  4:22  SCV  
  50  4:31  SCV  
  50  4:33  Siege Tank  
  50  4:34  SCV  
  54  4:41  Supply Depot  
  54  4:42  Supply Depot  
  54  5:00  Supply Depot  
  54  5:01  Supply Depot  
  54  5:02  Viking x2, Marine  
  54  5:03  SCV x2  
  54  5:05  Siege Tank  
  64  5:15  SCV x2  
  64  5:20  Marine  
  67  5:27  SCV x2  
  69  5:32  Viking x2  
  73  5:39  SCV, Supply Depot  
  73  5:41  Refinery, Command Center, Siege Tank  
  73  5:42  Supply Depot  
  77  5:44  SCV  
  78  5:50  Stimpack, Marine  
  78  5:53  SCV  
  78  5:56  SCV  
  81  6:02  Supply Depot  
  81  6:05  SCV  
  81  6:08  Viking x2, SCV  
  87  6:11  Marine  
  88  6:19  Barracks x2  
  88  6:20  Siege Tank  
  88  6:23  SCV x2  
  91  6:35  SCV x2  
  91  6:38  Viking  
  95  6:41  Liberator  
  95  6:44  Supply Depot, Marine  
  95  6:46  Supply Depot  
  99  6:49  SCV x2  
  98  7:01  SCV  
  98  7:07  SCV  
  98  7:12  Viking, SCV  
  101  7:17  Siege Tank  
  101  7:18  Orbital Command  
  104  7:23  Barracks Reactor x2  
  104  7:24  Viking  
  104  7:25  SCV  
  104  7:26  SCV, Engineering Bay x2  
  108  7:32  Combat Shield, Marine  
  104  7:37  SCV  
  104  7:38  SCV  
  94  7:46  Liberator  
  94  7:48  SCV  
  94  7:49  SCV, Refinery, Siege Tank  
  94  7:50  SCV  
  94  7:51  Refinery  
  103  7:56  Marine  
  104  8:00  SCV, Terran Infantry Weapons Level 1, Marine x4  
  104  8:01  SCV  
  104  8:02  SCV  
  111  8:12  SCV  
  110  8:14  SCV x2, Marine  
  110  8:18  Marine x2  
  115  8:20  Marine x2, Terran Infantry Armor Level 1  
  115  8:21  Supply Depot  
  115  8:22  Siege Tank  
  115  8:24  SCV, Medivac  
  115  8:25  Barracks x2  
  115  8:26  SCV  
  124  8:32  Marine  
  125  8:34  Armory  
  125  8:36  Marine x2  
  125  8:38  Marine x2  
  128  8:48  Sensor Tower  
  128  8:50  Marine  
  128  8:53  Marine  
  128  8:54  Marine  
  131  8:55  Marine x2  
  131  9:01  Armory, Command Center  
  130  9:06  Medivac, Siege Tank  
  130  9:07  Medivac  
  130  9:09  Supply Depot  
  137  9:11  Marine x2  
  137  9:13  Marine x2  
  137  9:16  SCV x3  
  144  9:24  Barracks Reactor x2  
  144  9:25  Terran Vehicle Weapons Level 1  
  144  9:27  Marine  
  144  9:29  Marine x2  
  144  9:30  Supply Depot  
  144  9:31  Supply Depot x2, Marine x2  
  146  9:32  Supply Depot  
  146  9:45  Marine  
  147  9:47  Marine x2  
  147  9:49  Marine x2  
  149  9:55  Siege Tank  
  149  9:57  Viking x2  
  156  10:01  SCV x3  
  156  10:02  Marine x2  
  156  10:04  Marine x3  
  156  10:05  Marine x2  
  156  10:07  Marine x2  
  166  10:08  Missile Turret  
  168  10:19  Terran Infantry Armor Level 2, Terran Infantry Weapons Level 2  
  168  10:20  Marine x2  
  170  10:21  Marine  
  170  10:22  Terran Vehicle And Ship Armor Level 1, Marine  
  170  10:23  Marine  
  170  10:26  Marine x2  
  170  10:27  Marine x2  
  170  10:28  Refinery  
  176  10:31  Refinery  
  176  10:32  Siege Tank  
  179  10:37  Planetary Fortress  
  179  10:38  Marine x2  
  179  10:39  Marine x2  
  179  10:40  Marine  
  184  10:43  Viking  
  184  10:44  Marine x2  
  188  10:53  Marine  
  188  10:54  Marine  
  188  10:55  Marine  
  188  10:56  Missile Turret, Marine  
  190  10:57  Marine x2  
  190  10:58  Marine  
  190  11:02  Marine x2  
  195  11:10  Siege Tank  
  197  11:11  Marine  
  197  11:13  Marine  
  199  11:18  Command Center  
  199  11:19  Starport x2  
  199  11:22  Sensor Tower  
  199  11:34  Marine  
  200  11:45  Command Center  
  200  11:47  Command Center  
  200  11:48  Factory  
  200  11:49  Barracks x2  
  200  11:53  Barracks Reactor, Barracks  
  198  12:07  Viking x2  
  197  12:09  Starport Reactor x2  
  189  12:18  Siege Tank  
  189  12:19  Terran Vehicle Weapons Level 2  
  189  12:21  Terran Vehicle And Ship Armor Level 2  
  192  12:31  Command Center  
  192  12:32  Command Center  
  161  12:45  Viking x6  
  161  12:49  Siege Tank  
  172  13:00  Sensor Tower  
  172  13:01  Orbital Command  
  172  13:05  Orbital Command  
  172  13:14  Viking  
  172  13:15  Viking  
  172  13:17  Viking x3  
  182  13:30  Viking, Planetary Fortress  
  182  13:32  Unknown  
  182  13:35  Terran Infantry Weapons Level 3  
  182  13:38  Terran Infantry Armor Level 3  
  182  13:44  Viking  
  182  13:46  Barracks Reactor x3  
  178  13:57  Viking  
  178  13:58  Viking x3  
  178  14:00  Viking  
  188  14:05  Orbital Command x2  
  179  14:17  Liberator  
  172  14:27  Liberator  
  172  14:31  Siege Tank x2  
  170  14:33  Viking x4  
  163  14:52  Marine x6  
  165  14:53  Marine  
  165  14:57  Orbital Command x2  
  165  14:59  Marine x3  
  169  15:00  Viking  
  169  15:03  Liberator x2  
  177  15:07  Terran Ship Weapons Level 1, Terran Vehicle And Ship Armor Level 3, Fusion Core  
  177  15:10  Medivac x2  
  174  15:18  Marine x8  
  182  15:24  Marine x3  
  185  15:31  Sensor Tower  
  185  15:36  Siege Tank  
  188  15:44  Liberator  
  188  15:45  Liberator x2  
  188  15:46  Liberator x2  
  183  15:59  Advanced Ballistics  
  183  16:03  Marine  
  184  16:04  Marine  
  184  16:09  Marine x3  
  184  16:10  Marine x2  
  184  16:11  Marine x2  
  162  16:12  Marine x6  
  162  16:20  SCV x2  
  162  16:21  Marine, Sensor Tower  
  165  16:27  Command Center  
  165  16:30  Siege Tank  
  165  16:32  Marine  
  176  16:40  Viking x3  
  176  16:41  Viking x2  
  176  16:47  Missile Turret  
  178  16:50  Missile Turret  
  169  17:02  Liberator  
  169  17:04  Siege Tank  
  169  17:06  Siege Tank  
  178  17:10  Liberator x2  
  178  17:13  Refinery  
  178  17:15  Marine x7  
  189  17:17  Command Center  
  189  17:20  Marine x2  
  193  17:23  Marine x2  
  193  17:24  Marine x2  
  193  17:26  Marine x2  
  199  17:35  Marine x3  
  200  17:40  Marine  
  200  17:44  Terran Ship Weapons Level 2  
  200  17:45  Neosteel Armor  
  200  17:50  Command Center  
  197  18:10  Marine  
  170  18:13  Marine x3  
  170  18:14  Marine x3  
  170  18:15  Marine  
  170  18:16  Marine  
  170  18:17  Marine  
  170  18:18  Marine  
  170  18:19  Marine  
  170  18:20  Marine  
  170  18:21  Viking x5  
  170  18:22  Marine x2  
  170  18:23  Marine  
  171  18:28  Marine  
  171  18:30  Marine  
  171  18:31  Marine x3  
  171  18:32  Marine x2  
  171  18:33  Marine  
  168  18:34  Marine  
  168  18:35  Marine x2  
  168  18:37  Marine  
  168  18:38  Marine  
  168  18:39  Siege Tank x2  
  168  18:40  Marine x3  
  182  18:46  Marine  
  183  18:48  Marine x3  
  183  18:54  Liberator x2  
  184  18:56  Marine x6  
  185  19:14  Sensor Tower  
  185  19:15  Viking x3  
  185  19:16  Sensor Tower  
  191  19:23  Planetary Fortress  
  191  19:25  Missile Turret  
  191  19:26  Missile Turret  
  191  19:27  Planetary Fortress  
  191  19:36  Siege Tank  
  188  19:43  Liberator x3  
  188  19:45  Liberator  
  175  20:07  Viking x2  
  179  20:20  Marine x2  
  178  20:24  Marine x2  
  178  20:26  Viking x3  
  178  20:27  Siege Tank  
  178  20:28  Viking  
  175  20:29  Marine x4  
  175  20:34  Marine x7  
  175  20:35  Marine  
  161  20:37  Viking, Liberator  
  161  20:38  Marine x2  
  161  20:42  Marine x2  
  151  20:47  Marine x4  
  151  20:51  Refinery  
  151  20:52  Marine x7  
  151  20:54  Marine  
  151  20:56  Viking x2  
  163  20:57  Marine x2  
  163  21:00  Marine x2  
  167  21:04  SCV x2  
  167  21:05  SCV x2  
  171  21:16  Marine x2  
  171  21:17  Marine x3  
  171  21:18  Marine x6  
  177  21:21  Marine x2  
  177  21:24  SCV x3  
  187  21:28  Refinery  
  187  21:31  Marine  
  180  21:37  Viking x6  
  178  21:40  Marine x2  
  178  21:42  Refinery  
  178  21:43  Refinery  
  178  21:44  Missile Turret, Sensor Tower  
  178  21:47  Missile Turret  
  180  21:51  Siege Tank  
  180  21:52  Marine  
  184  21:54  Missile Turret  
  184  22:07  Viking  
  186  22:08  Marine x4  
  186  22:09  Marine x4  
  186  22:12  Marine x3  
  186  22:13  Marine x2  
  186  22:15  Marine  
  188  22:31  Viking  
  188  22:32  Viking x4  
  196  22:42  Marine x4  
  196  22:44  Marine, Siege Tank x2  
  196  22:50  Marine  
  200  22:58  Marine x2  
  178  23:02  Viking  
  178  23:03  Viking  
  178  23:04  SCV  
  167  23:09  Marine  
  168  23:13  Viking  
  170  23:30  Siege Tank x2  
  170  23:33  Hi-Sec Auto Tracking  
  176  23:39  Command Center  
  162  23:44  Marine  
  158  23:50  Marine x2  
  158  23:51  Viking x2, Marine x3  
  158  23:54  Orbital Command  
  167  23:55  Marine x2  
  167  23:56  Marine  
  167  24:00  Marine x2  
  167  24:02  Marine x3, Siege Tank  
  178  24:08  Marine x2  
  178  24:09  Marine x2  
  182  24:12  Marine  
  152  24:33  Marine x4, Siege Tank  
  152  24:34  Siege Tank  
  152  24:35  Marine x2  
  148  24:38  Marine x2  
  148  24:41  Marine x2  
  148  24:44  Marine x2  
  132  24:47  Marine x2  
  132  24:51  Marine x3  
  132  24:52  Marine x3  
  126  24:53  Marine  
  126  24:54  Orbital Command  
  126  24:56  Missile Turret  
  127  25:04  Marine  
  127  25:05  Marine x2  
  127  25:06  Marine x2  
  111  25:07  Marine  
  111  25:08  Marine  
  111  25:09  Marine  
  111  25:10  Marine x4  
  111  25:11  Marine  
  109  25:20  Siege Tank  
  112  25:22  Siege Tank  
  112  25:27  Medivac  
  112  25:28  Medivac  
  118  25:31  Medivac, Marine x2  
  118  25:33  Marine  
  118  25:34  Marine x2  
  125  25:36  Marine x2  
  125  25:39  Marine x2  
  129  25:47  Marine x4  
  129  25:49  Marine x2  
Show
View Real Time Build Order
Export as new Build Order

TYTY Terran - Winner!

Build Orders: Gas First Reaper Expand 

Get SALT Encoding   

  12  0:00  SCV  
  13  0:12  SCV  
  14  0:17  Supply Depot  
  14  0:24  SCV  
  14  0:28  Refinery  
  15  0:39  SCV  
  16  0:44  Barracks  
  16  0:51  SCV  
  17  1:03  SCV  
  18  1:15  SCV  
  19  1:31  Reaper  
  21  1:33  Orbital Command  
  20  1:43  Command Center  
  20  1:54  Factory  
  20  1:59  SCV  
  21  2:06  Barracks Reactor  
  21  2:11  Supply Depot  
  21  2:12  SCV  
  22  2:18  Refinery  
  22  2:24  SCV  
  23  2:36  SCV  
  23  2:47  Hellion  
  23  2:48  Hellion  
  23  2:49  SCV  
  23  2:50  Starport  
  28  2:56  Barracks Tech Lab  
  28  3:01  Orbital Command  
  28  3:02  SCV  
  29  3:09  Hellion  
  31  3:13  Hellion  
  31  3:15  SCV  
  34  3:27  SCV x2  
  34  3:32  Raven  
  38  3:39  SCV, Marine  
  38  3:40  Marine  
  38  3:41  SCV, Supply Depot  
  42  3:44  Refinery, Factory Tech Lab  
  42  3:51  SCV  
  42  3:53  SCV  
  43  3:57  Marine  
  43  3:58  Marine  
  44  4:03  SCV  
  44  4:04  Siege Tank  
  44  4:05  SCV  
  47  4:15  SCV, Marine  
  47  4:17  SCV  
  47  4:27  SCV  
  47  4:29  SCV, Raven  
  47  4:30  Marine  
  50  4:34  Supply Depot, Marine  
  51  4:40  SCV  
  51  4:42  SCV  
  51  4:43  Command Center  
  54  4:53  SCV  
  54  4:56  SCV, Marine x2, Siege Tank  
  54  4:59  Supply Depot  
  60  5:05  SCV  
  61  5:08  SCV, Refinery  
  61  5:13  Supply Depot  
  62  5:20  Raven, Marine  
  66  5:22  Supply Depot  
  66  5:23  SCV, Supply Depot  
  67  5:31  Siege Tank  
  67  5:35  SCV  
  70  5:38  SCV  
  70  5:39  Marine x2  
  73  5:47  SCV, Barracks  
  73  5:49  Barracks  
  74  5:51  SCV  
  75  5:59  Orbital Command  
  75  6:00  SCV  
  75  6:03  SCV, Siege Tank  
  80  6:06  Marine  
  80  6:09  Viking x2  
  80  6:10  Stimpack  
  85  6:12  SCV  
  85  6:15  SCV  
  87  6:27  Marine  
  87  6:28  SCV x2  
  88  6:36  Bunker  
  88  6:37  Barracks Reactor  
  88  6:38  Barracks Reactor  
  88  6:39  Viking x2  
  92  6:40  Supply Depot  
  92  6:42  Siege Tank  
  92  6:43  SCV x2  
  92  6:44  Orbital Command  
  92  6:45  Marine  
  96  7:03  Marine  
  96  7:04  SCV x2  
  98  7:09  Viking x2  
  98  7:15  Siege Tank  
  105  7:19  SCV x2  
  105  7:20  SCV  
  105  7:21  Marine x4  
  105  7:22  Marine  
  112  7:31  SCV x2  
  109  7:39  Marine x5  
  109  7:40  SCV  
  109  7:43  SCV x2  
  115  7:44  Viking  
  115  7:45  Engineering Bay x2  
  115  7:50  Combat Shield  
  117  7:58  Supply Depot  
  117  8:01  Supply Depot  
  117  8:11  SCV x2, Marine x3  
  117  8:13  SCV  
  117  8:15  Terran Infantry Weapons Level 1, Terran Infantry Armor Level 1  
  117  8:18  Refinery  
  117  8:19  Siege Tank  
  119  8:23  SCV x2, Refinery  
  119  8:24  Medivac  
  119  8:25  Medivac  
  123  8:33  SCV  
  124  8:35  SCV x2  
  124  8:39  Supply Depot, Barracks x2  
  124  8:40  Supply Depot  
  126  8:41  Supply Depot  
  126  8:46  SCV  
  126  8:47  SCV, Marine x4  
  130  8:52  Marine  
  131  8:57  Medivac  
  131  9:01  Medivac  
  135  9:05  Marine  
  135  9:06  Siege Tank  
  139  9:10  Command Center, Marine x2  
  139  9:12  Marine x2  
  141  9:21  Sensor Tower  
  141  9:22  Marine  
  144  9:27  Barracks Reactor, Medivac  
  144  9:28  Barracks Reactor, Supply Depot, Marine x2  
  144  9:29  Supply Depot  
  144  9:30  Marine x2  
  148  9:31  Factory  
  148  9:33  Viking  
  148  9:36  SCV  
  148  9:37  SCV x2  
  153  9:39  Siege Tank  
  153  9:45  Marine  
  156  9:46  Marine  
  156  9:49  Marine  
  156  9:50  Armory  
  158  9:52  Marine  
  158  9:53  Marine  
  159  10:03  Marine  
  159  10:04  Marine  
  160  10:07  Viking x2, Marine  
  160  10:09  Marine  
  160  10:10  Marine x4  
  160  10:13  SCV x3  
  173  10:17  Barracks Reactor  
  173  10:19  Missile Turret  
  172  10:21  Siege Tank  
  172  10:27  Sensor Tower  
  178  10:30  Planetary Fortress  
  178  10:41  Viking x2  
  178  10:44  SCV  
  178  10:45  SCV x2  
  178  10:47  Refinery  
  178  10:48  Refinery  
  179  10:53  Starport  
  179  10:54  Starport  
  179  10:56  Terran Infantry Armor Level 2, Terran Infantry Weapons Level 2  
  179  10:58  Terran Vehicle Weapons Level 1  
  179  11:03  Siege Tank  
  182  11:09  Marine, Siege Tank  
  182  11:10  Marine x4  
  188  11:16  Supply Depot x2  
  188  11:37  Viking x2, Marine x4  
  188  11:39  Starport Reactor  
  196  11:40  Starport Reactor  
  196  11:43  Command Center  
  196  12:00  Marine x2  
  190  12:07  Viking x2  
  188  12:15  Viking x2  
  184  12:16  Viking x2  
  184  12:18  Marine, Siege Tank x2  
  184  12:19  Marine x3  
  200  12:22  Fusion Core  
  194  12:37  Viking x2  
  194  12:43  Command Center  
  187  12:44  Command Center  
  187  12:46  Liberator x2  
  187  12:47  Liberator x2  
  187  12:48  Marine x3  
  187  12:49  Marine  
  198  12:55  Planetary Fortress  
  198  12:56  Marine x2  
  200  13:09  Terran Vehicle Weapons Level 2  
  200  13:11  Unknown  
  200  13:12  Advanced Ballistics, Missile Turret  
  200  13:21  Sensor Tower  
  200  13:22  Missile Turret  
  200  13:32  Armory  
  200  13:43  Command Center  
  200  13:46  Command Center  
  200  13:47  Command Center  
  197  13:56  Viking  
  195  14:11  Viking  
  195  14:13  Siege Tank x2  
  195  14:18  Viking x2  
  195  14:19  Terran Vehicle And Ship Armor Level 1  
  192  14:26  Viking x2  
  192  14:28  Marine x2  
  192  14:30  Marine x2  
  192  14:31  Marine x3  
  189  14:32  Marine x3  
  184  14:39  Viking  
  184  14:45  Siege Tank x2  
  175  14:46  Terran Infantry Weapons Level 3, Marine x2  
  175  14:47  Marine x2  
  175  14:49  Marine x2  
  178  14:55  Orbital Command  
  178  14:56  Orbital Command  
  178  14:58  Viking  
  177  15:00  Medivac x2  
  177  15:03  Orbital Command  
  177  15:04  Orbital Command  
  180  15:09  Medivac  
  181  15:15  Liberator  
  181  15:17  Siege Tank x2  
  190  15:26  Terran Ship Weapons Level 1, Terran Infantry Armor Level 3  
  187  15:32  Viking x3  
  187  15:38  Viking  
  187  15:39  Viking  
  188  15:49  Thor  
  177  15:50  Marine x2  
  177  15:51  Marine x2  
  177  15:52  Marine x2  
  177  15:56  Thor  
  175  15:59  Marine x4  
  178  16:08  Marine x3  
  178  16:09  Marine x2  
  178  16:10  Marine  
  153  16:17  Marine x4  
  145  16:21  Orbital Command  
  145  16:25  Medivac x2  
  149  16:26  Viking x2, Marine x3, Barracks  
  149  16:27  Marine x2, Barracks  
  149  16:28  Marine  
  149  16:32  Siege Tank  
  162  16:34  Marine  
  162  16:35  Viking x2, Marine x3  
  173  16:40  Siege Tank  
  173  16:44  Marine x3  
  173  16:45  Terran Vehicle And Ship Armor Level 2, Marine x2  
  173  16:46  Marine  
  179  16:52  Marine  
  179  16:53  Marine x3  
  180  16:58  Sensor Tower  
  180  17:00  Medivac x2  
  174  17:01  Marine  
  174  17:02  Marine x2  
  174  17:03  Marine x3  
  174  17:04  Viking  
  174  17:05  Viking  
  174  17:06  Siege Tank  
  187  17:10  Marine x4  
  187  17:12  Siege Tank  
  187  17:13  Barracks Reactor  
  187  17:14  Barracks Reactor  
  194  17:17  Viking x2  
  194  17:19  Marine x2  
  200  17:35  Marine x2  
  200  17:36  Marine  
  200  17:48  Missile Turret  
  200  17:55  Viking  
  200  17:57  Viking  
  200  18:09  Marine x4  
  200  18:12  Viking x4  
  190  18:14  Thor x2  
  190  18:17  Marine x7  
  190  18:19  Marine x3  
  164  18:27  Marine x4  
  164  18:30  Liberator x2  
  172  18:35  Marine x7  
  172  18:37  Marine x3  
  172  18:38  Terran Ship Weapons Level 2  
  180  18:44  Viking x2, Medivac  
  180  18:45  Viking, Marine x4  
  192  18:49  Orbital Command  
  192  18:50  Orbital Command  
  192  18:53  Marine x7  
  192  18:55  Marine  
  200  19:02  Orbital Command  
  199  19:05  Siege Tank  
  193  19:33  Terran Vehicle And Ship Armor Level 3  
  193  19:38  Refinery  
  190  19:41  Viking  
  190  19:42  Viking x4  
  200  19:46  Refinery  
  200  19:57  Viking  
  200  19:58  Starport  
  200  19:59  Starport  
  192  20:14  Viking x5  
  186  20:32  Viking  
  186  20:33  Marine  
  186  20:34  Marine x5  
  155  20:36  Siege Tank  
  155  20:37  Marine x2  
  155  20:39  Marine  
  155  20:40  Marine  
  155  20:41  Marine x2  
  146  20:44  Viking x3, Liberator x2  
  146  20:46  Marine x2  
  141  20:51  Marine x4  
  141  20:52  Marine x2  
  141  20:56  Marine x2  
  147  20:57  Marine x2  
  147  20:58  Marine x2  
  147  21:00  Starport Tech Lab x2  
  147  21:02  Viking  
  153  21:04  Marine x2  
  153  21:05  Command Center  
  153  21:07  Refinery  
  153  21:09  Marine x6, Siege Tank x2  
  153  21:11  Refinery  
  167  21:14  Viking x2, Marine x2  
  167  21:15  Marine x2  
  167  21:16  Marine x2  
  177  21:22  Marine x2  
  176  21:27  Marine x2  
  176  21:28  Raven, Command Center  
  176  21:30  Marine x2  
  176  21:31  Marine x2  
  180  21:39  Viking x4  
  183  21:40  Viking, Marine x2  
  185  21:41  Marine x2  
  185  21:46  Siege Tank  
  194  21:54  Viking  
  194  21:56  Viking  
  194  22:01  Terran Ship Weapons Level 3, Missile Turret  
  198  22:02  Refinery  
  198  22:06  Refinery  
  198  22:22  Siege Tank x2  
  192  22:23  Raven  
  177  22:31  Marine  
  177  22:32  Marine x12  
  185  22:42  Liberator x3  
  188  22:49  Liberator  
  189  22:53  Orbital Command  
  189  22:54  Marine x4  
  157  23:07  Planetary Fortress  
  157  23:09  Liberator  
  160  23:15  Orbital Command, Siege Tank  
  163  23:21  Planetary Fortress  
  163  23:23  SCV x2  
  163  23:25  Marine x2  
  163  23:26  Marine x2  
  167  23:42  Marine  
  167  23:43  Siege Tank  
  160  23:49  Viking x3  
  165  24:05  Raven x2  
  165  24:07  Marine  
  165  24:08  Marine x9  
  165  24:09  Marine x3  
  182  24:14  Marine  
  181  24:25  Marine  
  181  24:26  Marine  
  173  24:32  Marine  
  173  24:33  Marine x4  
  173  24:34  Marine x3  
  139  24:39  Viking x2  
  139  24:42  Viking x2, Siege Tank x2  
  139  24:43  Marine  
  139  24:44  Marine  
  147  24:52  Medivac  
  147  24:53  Medivac x2  
  147  24:54  Marine  
  147  24:55  Marine x2  
  149  25:07  Marine x11  
  135  25:12  Marine  
  143  25:14  Marine x2  
  143  25:17  Siege Tank  
  143  25:18  Siege Tank  
  151  25:24  Marine  
  151  25:25  Marine x6  
  162  25:29  Medivac  
  162  25:30  Marine x2  
  162  25:32  Marine  
  162  25:34  Marine x4  
  171  25:42  Marine x2  
  164  25:46  Marine  
  164  25:47  Marine x5  
  164  25:48  Marine  

Tags
 
Add a new tag
Caveats
  • Supply blocks, unpowered buildings, or Contaminate may cause inaccurate times.
  • Supply counts are checked every 10 seconds.